General information
- name: BNet
- type: Ladder team game (AT/RT)
- host: Battle.net
- saver: brucewillisusa
map: Deadlock
- players: 8
- length: 19:29
- speed: Fast
- version: 1.24 W3XP
- replay type: Public
» download(143 KB)
Players
team 1 (loser)
UnholydreadlorD (
orange | 71 APM | 1294 actions | 18:14)
2 Lich
1 Frost Nova
1 Dark Ritual
» actions
| Assign group hotkey | 9 | |
| Basic commands | 40 | |
| Build / train | 59 | |
| Enter build submenu | 26 | |
| Enter hero's abilities submenu | 2 | |
| Right click | 370 | |
| Select / deselect | 139 | |
| Select group hotkey | 557 | |
| Use ability | 92 | |
1294 total
» units
| Acolyte | 22 | |
| Ghoul | 5 | |
| Necromancer | 12 | |
| Meatwagon | 4 | |
| Obsidian Statue | 1 | |
44 total
» upgrades
| Necromancer Training | 2 | |
| Skeletal Mastery | 1 | |
| Exhume Corpses | 1 | |
| Disease Cloud | 1 | |
| Skeletal Longevity | 1 | |
| Ghoul Frenzy | 1 | |
| Unholy Strength | 1 | |
| Unholy Armor | 1 | |
9 total
» buildings
| Crypt | 1 | |
| Graveyard | 1 | |
| Ziggurat | 7 | |
| Altar of Darkness | 1 | |
| Halls of the Dead | 2 | |
| Temple of the Damned | 2 | |
| Slaughterhouse | 2 | |
| Black Citadel | 1 | |
| Tomb of Relics | 1 | |
18 total
» build order
01:11 Crypt
01:14 Graveyard
01:46 Ziggurat
02:08 Altar of Darkness
03:13 Halls of the Dead
03:14 Halls of the Dead
04:09 Ziggurat
04:48 Ziggurat
05:24 Ziggurat
05:38 Temple of the Damned
05:42 Temple of the Damned
05:45 Slaughterhouse
05:46 Black Citadel
13:55 Ziggurat
13:56 Ziggurat
14:00 Ziggurat
14:01 Tomb of Relics
14:03 Slaughterhouse
WarCreatesHeros (
green | 31 APM | 436 actions | 14:01)
3 Blademaster
2 Wind Walk
1 Critical Strike
2 Tauren Chieftain
1 War Stomp
1 Endurance Aura
» actions
| Build / train | 37 | |
| Enter build submenu | 20 | |
| Enter hero's abilities submenu | 5 | |
| Right click | 156 | |
| Select / deselect | 171 | |
| Use ability | 47 | |
436 total
» units
» upgrades
| Spiked Barricades | 1 | |
| Ranged Weapons | 1 | |
| Reinforced Defenses | 1 | |
3 total
» buildings
| Altar of Storms | 1 | |
| Orc Burrow | 5 | |
| Barracks | 1 | |
| Voodoo Lounge | 2 | |
| Stronghold | 1 | |
| War Mill | 1 | |
| Watch Tower | 4 | |
| Beastiary | 3 | |
| Fortress | 1 | |
| Great Hall | 1 | |
20 total
» build order
00:14 Altar of Storms
00:21 Orc Burrow
00:57 Barracks
01:08 Voodoo Lounge
01:21 Voodoo Lounge
01:35 Orc Burrow
03:17 Stronghold
03:37 War Mill
04:24 Orc Burrow
05:50 Watch Tower
05:59 Watch Tower
06:41 Beastiary
06:48 Beastiary
07:12 Beastiary
07:39 Orc Burrow
09:11 Fortress
09:25 Orc Burrow
10:34 Great Hall
12:31 Watch Tower
12:33 Watch Tower
» items
| Healing Salve | 3 | |
| Boots of Speed | 1 | |
| Dust of Appearance | 1 | |
| Lesser Clarity Potion | 2 | |
| Orb of Lightning | 1 | |
| Scroll of Speed | 1 | |
9 total

»
Legacy_QuEsT (
teal | 122 APM | 2373 actions | 19:26)
4 Death Knight
2 Death Coil
2 Unholy Aura
1 Dreadlord
1 Vampiric Aura
» actions
| Assign group hotkey | 147 | |
| Basic commands | 108 | |
| Build / train | 76 | |
| Enter build submenu | 17 | |
| Enter hero's abilities submenu | 5 | |
| Give item / drop item | 1 | |
| Right click | 756 | |
| Select / deselect | 189 | |
| Select group hotkey | 998 | |
| Use ability | 76 | |
2373 total
» units
| Acolyte | 17 | |
| Ghoul | 3 | |
| Crypt Fiend | 6 | |
| Gargoyle | 19 | |
45 total
» upgrades
| Creature Attack | 2 | |
| Creature Carapace | 1 | |
3 total
» buildings
| Graveyard | 1 | |
| Crypt | 3 | |
| Altar of Darkness | 1 | |
| Ziggurat | 9 | |
| Tomb of Relics | 1 | |
| Nerubian Tower | 1 | |
| Halls of the Dead | 2 | |
| Black Citadel | 2 | |
| Necropolis | 1 | |
21 total
» build order
00:06 Graveyard
00:19 Crypt
00:43 Altar of Darkness
01:01 Ziggurat
01:14 Tomb of Relics
02:04 Ziggurat
02:38 Nerubian Tower
04:28 Halls of the Dead
04:28 Halls of the Dead
04:46 Ziggurat
07:42 Ziggurat
08:59 Crypt
09:00 Crypt
09:13 Ziggurat
09:26 Ziggurat
14:23 Black Citadel
14:23 Black Citadel
17:15 Necropolis
18:42 Ziggurat
18:44 Ziggurat
18:44 Ziggurat
» items
| Rod of Necromancy | 5 | |
| Dust of Appearance | 2 | |
| Potion of Healing | 2 | |
| Staff of Teleportation | 1 | |
| Scroll of Town Portal | 2 | |
| Scroll of Protection | 1 | |
| Potion of Lesser Invulnerability | 1 | |
14 total

»
Laosta (
pink | 47 APM | 914 actions | 19:28)
5 Mountain King
2 Storm Bolt
3 Bash
3 Paladin
2 Holy Light
1 Divine Shield
» actions
| Assign group hotkey | 27 | |
| Basic commands | 78 | |
| Build / train | 82 | |
| Enter build submenu | 22 | |
| Enter hero's abilities submenu | 7 | |
| Give item / drop item | 1 | |
| Right click | 205 | |
| Select / deselect | 198 | |
| Select group hotkey | 231 | |
| Use ability | 63 | |
914 total
» units
| Peasant | 24 | |
| Footman | 7 | |
| Mortar Team | 8 | |
| Knight | 9 | |
48 total
» upgrades
| Fragmentation Shards | 1 | |
| Masonry | 1 | |
| Animal War Training | 1 | |
| Gunpowder | 1 | |
4 total
» buildings
| Altar of Kings | 1 | |
| Farm | 10 | |
| Barracks | 2 | |
| Arcane Vault | 1 | |
| Keep | 1 | |
| Lumber Mill | 1 | |
| Blacksmith | 1 | |
| Town Hall | 2 | |
| Castle | 2 | |
| Workshop | 2 | |
23 total
» build order
00:10 Altar of Kings
00:21 Farm
01:02 Farm
01:09 Barracks
01:54 Farm
02:16 Arcane Vault
02:56 Keep
03:26 Lumber Mill
03:40 Farm
04:02 Blacksmith
04:46 Town Hall
05:52 Farm
06:11 Castle
06:33 Town Hall
08:34 Workshop
09:17 Castle
09:50 Barracks
10:08 Workshop
10:57 Farm
10:58 Farm
10:59 Farm
16:15 Farm
16:16 Farm
» items
| Scroll of Regeneration | 3 | |
| Scroll of Town Portal | 3 | |
| Orb of Fire | 1 | |
7 total
team 2 (winner)

»
BRRJ_Paladin (
red | 79 APM | 1547 actions | 19:29)
5 Mountain King
2 Storm Bolt
3 Bash
4 Paladin
2 Holy Light
1 Devotion Aura
1 Divine Shield
» actions
| Assign group hotkey | 19 | |
| Basic commands | 1 | |
| Build / train | 129 | |
| Enter build submenu | 25 | |
| Enter hero's abilities submenu | 9 | |
| Right click | 838 | |
| Select / deselect | 274 | |
| Select group hotkey | 168 | |
| Use ability | 84 | |
1547 total
» units
| Peasant | 26 | |
| Footman | 8 | |
| Razormane Medicine Man | 2 | |
| Gryphon Rider | 6 | |
42 total
» upgrades
| Masonry | 2 | |
| Lumber Harvesting | 1 | |
| Swords | 3 | |
| Armor | 3 | |
| Storm Hammers | 1 | |
| Animal War Training | 1 | |
11 total
» buildings
| Barracks | 1 | |
| Altar of Kings | 1 | |
| Farm | 13 | |
| Scout Tower | 11 | |
| Arcane Tower | 10 | |
| Keep | 2 | |
| Town Hall | 1 | |
| Arcane Vault | 1 | |
| Lumber Mill | 1 | |
| Castle | 4 | |
| Guard Tower | 6 | |
| Gryphon Aviary | 4 | |
| Blacksmith | 2 | |
57 total
» build order
00:46 Barracks
00:49 Altar of Kings
00:53 Farm
01:22 Farm
01:28 Farm
02:15 Scout Tower
02:20 Farm
02:47 Arcane Tower
02:48 Arcane Tower
03:55 Keep
04:35 Town Hall
04:47 Scout Tower
04:49 Scout Tower
05:04 Arcane Vault
05:55 Scout Tower
05:58 Scout Tower
06:02 Farm
06:15 Lumber Mill
07:02 Castle
07:02 Castle
07:02 Castle
07:31 Arcane Tower
07:32 Arcane Tower
07:33 Guard Tower
07:34 Guard Tower
08:57 Scout Tower
08:58 Scout Tower
09:00 Scout Tower
09:01 Scout Tower
09:03 Scout Tower
09:10 Scout Tower
09:13 Farm
09:14 Farm
09:27 Gryphon Aviary
09:29 Gryphon Aviary
09:33 Gryphon Aviary
10:19 Blacksmith
10:30 Arcane Tower
10:30 Arcane Tower
10:33 Guard Tower
10:34 Guard Tower
11:07 Farm
11:09 Farm
12:34 Blacksmith
12:44 Gryphon Aviary
14:12 Farm
14:12 Farm
14:16 Farm
14:18 Farm
» items
| Scroll of Regeneration | 5 | |
| Scroll of Town Portal | 3 | |
| Potion of Healing | 3 | |
| Orb of Fire | 2 | |
| Lesser Clarity Potion | 2 | |
15 total

»
brucewillisusa (
blue | 62 APM | 1217 actions | 19:29)
6 Blood Mage
3 Flame Strike
2 Siphon Mana
1 Summon Phoenix
» actions
| Assign group hotkey | 54 | |
| Basic commands | 76 | |
| Build / train | 93 | |
| ESC pressed | 4 | |
| Enter build submenu | 30 | |
| Enter hero's abilities submenu | 6 | |
| Give item / drop item | 1 | |
| Right click | 308 | |
| Select / deselect | 160 | |
| Select group hotkey | 375 | |
| Use ability | 110 | |
1217 total
» units
| Peasant | 26 | |
| Mortar Team | 9 | |
| Sorceress | 5 | |
| Siege Engine | 5 | |
45 total
» upgrades
| Masonry | 2 | |
| Gunpowder | 3 | |
| Sorceress Training | 2 | |
| Fragmentation Shards | 1 | |
8 total
» buildings
| Altar of Kings | 2 | |
| Farm | 11 | |
| Lumber Mill | 1 | |
| Scout Tower | 12 | |
| Arcane Tower | 2 | |
| Guard Tower | 4 | |
| Town Hall | 1 | |
| Keep | 3 | |
| Blacksmith | 1 | |
| Castle | 1 | |
| Workshop | 2 | |
| Arcane Sanctum | 1 | |
41 total
» build order
00:08 Altar of Kings
00:10 Altar of Kings
00:13 Farm
00:51 Lumber Mill
01:01 Farm
01:05 Scout Tower
01:33 Arcane Tower
02:22 Farm
03:05 Scout Tower
03:06 Scout Tower
03:07 Scout Tower
03:08 Scout Tower
03:34 Guard Tower
03:36 Arcane Tower
03:37 Guard Tower
04:16 Town Hall
04:44 Scout Tower
04:45 Scout Tower
04:46 Scout Tower
04:46 Scout Tower
05:16 Keep
05:16 Keep
05:49 Guard Tower
05:54 Blacksmith
06:03 Scout Tower
06:04 Scout Tower
06:05 Scout Tower
07:14 Guard Tower
07:44 Castle
07:46 Workshop
07:49 Arcane Sanctum
07:57 Workshop
08:15 Farm
08:16 Farm
08:17 Farm
13:32 Farm
13:33 Farm
13:33 Farm
13:33 Farm
13:34 Farm
» items
| Healing Salve | 2 | |
| Lesser Clarity Potion | 5 | |
| Boots of Speed | 1 | |
| Staff of Teleportation | 1 | |
| Scroll of Town Portal | 5 | |
| Scroll of Speed | 2 | |
| Potion of Invisibility | 3 | |
| Scroll of Regeneration | 1 | |
| Potion of Mana | 1 | |
| Orb of Lightning | 1 | |
22 total

»
drjock33 (
yellow | 42 APM | 816 actions | 19:29)
4 Archmage
2 Summon Water Elemental
2 Brilliance Aura
3 Paladin
2 Holy Light
1 Divine Shield
2 Mountain King
1 Storm Bolt
1 Bash
» actions
| Basic commands | 29 | |
| Build / train | 63 | |
| Enter build submenu | 21 | |
| Enter hero's abilities submenu | 9 | |
| Remove unit from queue | 1 | |
| Right click | 342 | |
| Select / deselect | 286 | |
| Use ability | 65 | |
816 total
» units
| Peasant | 19 | |
| Footman | 3 | |
| Priest | 4 | |
| Sorceress | 4 | |
| Spell Breaker | 5 | |
35 total
» upgrades
| Swords | 1 | |
| Lumber Harvesting | 2 | |
| Priest Training | 2 | |
| Plating | 1 | |
| Sorceress Training | 2 | |
| Magic Sentry | 1 | |
9 total
» buildings
| Altar of Kings | 1 | |
| Farm | 8 | |
| Scout Tower | 3 | |
| Lumber Mill | 1 | |
| Arcane Tower | 1 | |
| Keep | 1 | |
| Barracks | 1 | |
| Blacksmith | 1 | |
| Arcane Vault | 1 | |
| Arcane Sanctum | 2 | |
| Town Hall | 3 | |
| Castle | 1 | |
| Guard Tower | 1 | |
25 total
» build order
00:13 Altar of Kings
00:20 Farm
00:38 Scout Tower
00:49 Lumber Mill
01:22 Arcane Tower
02:15 Keep
02:37 Barracks
02:45 Blacksmith
02:57 Farm
03:14 Arcane Vault
04:04 Farm
04:37 Farm
04:49 Arcane Sanctum
04:53 Arcane Sanctum
06:03 Town Hall
09:05 Town Hall
09:09 Castle
09:17 Farm
10:05 Scout Tower
13:49 Scout Tower
14:16 Farm
14:23 Town Hall
15:04 Farm
15:10 Guard Tower
18:34 Farm
» items
| Healing Salve | 1 | |
| Scroll of Town Portal | 1 | |
2 total

»
Mightyw (
purple | 43 APM | 841 actions | 19:29)
4 Blademaster
2 Wind Walk
2 Critical Strike
» actions
| Basic commands | 25 | |
| Build / train | 64 | |
| Enter build submenu | 20 | |
| Enter hero's abilities submenu | 4 | |
| Right click | 408 | |
| Select / deselect | 256 | |
| Use ability | 64 | |
841 total
» units
| Peon | 14 | |
| Grunt | 2 | |
| Harpy Rogue | 1 | |
| Troll Batrider | 15 | |
| Troll Headhunter/Berserker | 3 | |
35 total
» upgrades
| Ranged Weapons | 3 | |
| Troll Regeneration | 1 | |
| Liquid Fire | 1 | |
| Berserker Upgrade | 1 | |
| Armor | 1 | |
7 total
» buildings
| Altar of Storms | 1 | |
| Orc Burrow | 6 | |
| Voodoo Lounge | 1 | |
| Barracks | 1 | |
| Stronghold | 1 | |
| War Mill | 1 | |
| Fortress | 1 | |
| Beastiary | 2 | |
| Watch Tower | 3 | |
| Great Hall | 1 | |
18 total
» build order
00:11 Altar of Storms
00:17 Orc Burrow
00:50 Voodoo Lounge
01:48 Barracks
02:11 Orc Burrow
03:51 Stronghold
04:08 War Mill
04:18 Orc Burrow
06:31 Fortress
06:37 Beastiary
06:44 Beastiary
07:20 Orc Burrow
09:41 Watch Tower
09:47 Watch Tower
10:53 Orc Burrow
13:58 Watch Tower
14:31 Great Hall
18:49 Orc Burrow
» items
| Healing Salve | 3 | |
| Lesser Clarity Potion | 11 | |
| Scroll of Town Portal | 1 | |
15 total
Chat log
(00:31 / Allies) drjock33: casters
(00:55 / Allies) drjock33: and some knight
(01:01 / Allies) BRRJ_Paladin: foots to gryphs
(01:06 / Allies) BRRJ_Paladin: yellow..
(01:07 / Allies) BRRJ_Paladin: hero?
(01:11 / Allies) drjock33: am
(01:14 / Allies) BRRJ_Paladin: mk
(01:17 / Allies) BRRJ_Paladin: here
(03:45 / Allies) drjock33: teal is creeepin
(03:47 / Allies) brucewillisusa: anyone got spare wood?
(03:53 / Allies) drjock33: help me stop him
(08:08 / Allies) drjock33: get fiends
(08:19 / Allies) brucewillisusa: yo u guys got it?
(08:21 / Allies) brucewillisusa: its only 2 of them
(08:35 / Allies) brucewillisusa: nec wagon
(08:36 / Allies) brucewillisusa: for their ud
(09:41 / Allies) drjock33: lol
(09:42 / Allies) drjock33: nice
(10:38 / Allies) BRRJ_Paladin: grunt purp
(11:52 / All) brucewillisusa: lol
(11:56 / All) brucewillisusa: 15 acos flamestrcuk
(12:22 / Allies) BRRJ_Paladin: heal
(12:27 / Allies) brucewillisusa: counter
(12:28 / Allies) brucewillisusa: now
(12:31 / Allies) brucewillisusa: we heal they heal
(12:33 / Allies) brucewillisusa: counter
(12:48 / Allies) brucewillisusa: lets go slow jo
(12:50 / Allies) brucewillisusa: jesus christ
(12:52 / Allies) brucewillisusa: u have shit units
(12:55 / Allies) brucewillisusa: it doesnt matter if they are full health
(13:53 / All) brucewillisusa: i hear that armor upgrade really helps vs siege
(14:26 / Allies) brucewillisusa: coem on
(14:28 / Allies) brucewillisusa: tha tbase is cdone
(14:28 / Allies) brucewillisusa: next
(14:45 / Allies) brucewillisusa: dispel his skelly
(14:46 / Allies) brucewillisusa: if u got
(14:49 / Allies) drjock33: yea
(15:17 / Allies) brucewillisusa: bat his gargs
(15:17 / Allies) brucewillisusa: fas
(15:34 / Allies) brucewillisusa: im out
(15:40 / Allies) BRRJ_Paladin: all out
(15:41 / Allies) BRRJ_Paladin: now
(16:13 / Allies) brucewillisusa: get a new tp all
(16:14 / Allies) brucewillisusa: and b ready
(16:55 / Allies) brucewillisusa: tp all
(17:20 / Allies) brucewillisusa: bat the air
(17:37 / All) UnholydreadlorD: you guys are playing with a maphacker, brucewillisusa
(17:41 / All) brucewillisusa: bawwww
(17:47 / All) UnholydreadlorD: shame on you guys for letting him play and not backstabbing him
(17:49 / All) brucewillisusa: bawwww
(17:57 / All) brucewillisusa: shame on you for losing 10 acos to flmaestrike
(18:03 / All) UnholydreadlorD: guess you guys want him to keep playing
(18:04 / Allies) brucewillisusa: counter
(18:09 / All) brucewillisusa: bawww
(18:12 / All) UnholydreadlorD: so that's why you help him